 Dungeon Crawl Stone Soup version 0.30-a0-222-ge547ba4400 (webtiles) character file.

Game seed: 14758322773880215795

147 Aibolit the Chopper (level 5, -2/46 HPs)
             Began as a Hill Orc Fighter on Oct 8, 2022.
             Killed from afar by Maggie (10 damage)
             ... with a bolt of fire
             ... on level 6 of the Dungeon.
             The game lasted 00:03:33 (2264 turns).

Aibolit the Chopper (Hill Orc Fighter)              Turns: 2264, Time: 00:03:34

Health: -2/46      AC:  8    Str: 21    XL:     5   Next: 29%
Magic:  5/5        EV:  8    Int:  8    God:
Gold:   135        SH:  8    Dex: 10    Spells: 4/4 levels left

rFire   . . .      SeeInvis .    a - +0 war axe
rCold   + . .      Faith    .    n - +0 kite shield
rNeg    . . .      Spirit   .    b - +0 scale mail
rPois   .          Reflect  .    s - +0 helmet
rElec   .          Harm     .    (no cloak)
rCorr   .          Rampage  .    (no gloves)
Will    .....                    (no boots)
Stlth   ..........               (no amulet)
HPRegen 0.27/turn                i - ring of wizardry
MPRegen 0.09/turn                f - ring of protection from cold

@: mighty
A: no striking features
a: no special abilities


You were on level 6 of the Dungeon.
You visited 1 branch of the dungeon, and saw 4 of its levels.

You collected 135 gold pieces.

Inventory:

Hand Weapons
 a - a +0 war axe (weapon)
Missiles
 c - a throwing net (quivered)
Armour
 b - a +0 scale mail (worn)
 n - a +0 kite shield (worn)
 s - a +0 helmet (worn)
Jewellery
 f - a ring of protection from cold (right hand)
 i - a ring of wizardry (left hand)
 y - a ring of poison resistance
Wands
 h - a wand of flame (3)
 q - a wand of polymorph (4)
Scrolls
 e - a scroll of poison
 j - a scroll of teleportation {unknown}
 k - a scroll of vulnerability {unknown}
 o - a scroll of immolation {unknown}
 p - 2 scrolls of identify {unknown}
 r - a scroll of enchant weapon {unknown}
 t - a scroll of blinking {unknown}
 u - a scroll of acquirement {unknown}
 w - a scroll of silence {unknown}
 x - a scroll of magic mapping {unknown}
Potions
 d - a potion of might
 g - a potion of haste {unknown}
 l - 2 potions of resistance {unknown}
 m - a potion of curing {unknown}
 v - 2 potions of lignification {unknown}


   Skills:
 + Level 4.2 Fighting
 + Level 5.3 Axes
 + Level 3.7 Armour
 + Level 0.8 Dodging
 + Level 0.6 Stealth
 + Level 3.8 Shields


You had 4 spell levels left.
You didn't know any spells.
Your spell library contained the following spells:

 Spells                   Type           Power      Damage    Failure   Level
 Foxfire                  Conj/Fire      0%         2x1d4     77%         1
 Kiss of Death            Conj/Necr      0%         2d5       77%         1
 Confusing Touch          Hex            0%         N/A       98%         3
 Dispel Undead            Necr           0%         3d6       100%        4
 Fireball                 Conj/Fire      0%         3d3       100%        5
 Starburst                Conj/Fire      0%         6d3       100%        6


Dungeon Overview and Level Annotations

Branches:
Dungeon (3/15)

Altars:

Shops:
D:1 [

Annotations:
D:6 Maggie


Message History

Ouch! That really hurt!
You see here a ring of poison resistance.
y - a ring of poison resistance
There are no items here.
You cannot move away from Maggie!
You cannot move away from Maggie!
You barely miss Maggie.
Maggie hits you with a +0 scimitar of flaming.
Maggie burns you.
You slash Maggie!
Maggie is lightly wounded.
You block Maggie's attack.
You hit Maggie but do no damage.
Maggie is lightly wounded.
Maggie hits you with a +0 scimitar of flaming.
Maggie burns you. Maggie gestures at you while chanting.
The bolt of fire misses you.
You closely miss Maggie.
Maggie is lightly wounded.
You break out of your daze.
Maggie hits you but does no damage.
You hit Maggie but do no damage.
Maggie is lightly wounded.
Maggie hits you with a +0 scimitar of flaming!
* * * LOW HITPOINT WARNING * * *
Maggie burns you.
* * * LOW HITPOINT WARNING * * *
Maggie gestures wildly while chanting.
Maggie attempts to bespell you! You resist with some effort.
You feel very mighty all of a sudden. Maggie barely misses you.
You slash Maggie!
Maggie is heavily wounded.
Maggie closely misses you.
You slash Maggie!
Maggie is severely wounded.
Maggie points at you and mumbles some strange words.
The bolt of fire hits you!
You die...

# ... ###≈ #..
#..≈# ##..#
.....##...
.......# ..
.....#
..####.@.## .##
#....#.@..# ...#
#....##..##
....####..#...##
#...#.#.#..#..#
#...........###
#.....#.....#
#.....##...##
#.....##..#
###.....###


You could see Maggie.

Vanquished Creatures
  Robin (D:2)
  4 gnolls (D:2)
  2 adders (D:2)
  A worm (D:2)
  A dart slug (D:3)
  An orc (D:3)
  4 ball pythons
  10 bats
  2 endoplasms
  A giant cockroach (D:1)
  9 goblins (D:2)
  5 hobgoblins (D:2)
  9 jackals
  3 quokkas (D:1)
  5 frilled lizards
  3 kobolds
  10 rats
71 creatures vanquished.

Notes
Turn   | Place    | Note
-------+----------+-------------------------------------------
     0 | D:1      | Aibolit the Hill Orc Fighter began the quest for the Orb.
     0 | D:1      | Reached XP level 1. HP: 19/19 MP: 1/1
   116 | D:1      | Found a faded altar of an unknown god.
   162 | D:1      | Reached XP level 2. HP: 27/27 MP: 2/2
   280 | D:1      | Found Tutsicig's Antique Armour Shop.
   297 | D:1      | Reached skill level 3 in Axes
   868 | D:2      | Reached XP level 3. HP: 33/33 MP: 3/3
  1089 | D:2      | Noticed Robin
  1096 | D:2      | Killed Robin
  1097 | D:2      | Reached skill level 4 in Axes
  1097 | D:2      | Reached XP level 4. HP: 35/40 MP: 4/4
  1242 | D:2      | Reached skill level 5 in Axes
  1245 | D:2      | Reached XP level 5. HP: 36/46 MP: 5/5
  2244 | D:3      | You fall into a shaft and drop 3 floors!
  2252 | D:6      | Noticed Maggie
  2264 | D:6      | Killed from afar by Maggie

Illustrated notes

Levels and vault maps discovered:
D:1:      mrwooster_arrival_arrow, layout_loops_ring,
          hellmonk_ecumenical_altar_lost_god, serial_shops,
          nicolae_shop_advertising_works [nicolae_subvault_shop_adworks]
D:2:      layout_rooms, uniq_robin
D:3:      layout_basic, serial_curves, eino_curves_01, eino_curves_03
D:6:      layout_cave_pools, chequers_serial_rivers_small_b, uniq_sigmund,
          uniq_maggie

Skill      XL: |  1  2  3  4 |
---------------+-------------+-----
Axes           | 3 4 5 |  5.3
Fighting       | 4 |  4.2
Armour         | |  3.7
Dodging        | |  0.8
Stealth        | |  0.6
Shields        | |  3.8

Action                   |  1- 3 |  4- 6 || total
-------------------------+-------+-------++-------
Melee: War axe           |    90 |    67 ||   157
  Use: Potion            |     1 |     2 ||     3
       Scroll            |       |     1 ||     1
Armor: Scale mail        |    54 |    32 ||    86
Dodge: Dodged            |    53 |    19 ||    72
Block: Buckler           |    26 |       ||    26
       Kite shield       |     8 |    25 ||    33

Table legend: (Time is in decaauts)
 A = Elapsed time spent in this place.
 B = Non-inter-level travel time spent in this place.
 C = Inter-level travel time spent in this place.
 D = Time resting spent in this place.
 E = Time spent auto-exploring this place.
 F = Levels seen in this place.
 G = Mean time per level.
                   A        B        C        D        E       F      G
               +--------+--------+--------+--------+--------+-----+--------+
         Total |   2327 |   2154 |    173 |    200 |   1524 |   4 |  581.8 |
       Dungeon |   2327 |   2154 |    173 |    200 |   1524 |   4 |  581.8 |
               +--------+--------+--------+--------+--------+-----+--------+

Top non-repeatable levels by time:
     D:1: 870 daAuts
     D:2: 759 daAuts
     D:3: 675 daAuts
     D:6: 22 daAuts
